 Dungeon Crawl Stone Soup version 0.29.1-1-gd02db6906a (webtiles) character file.

Game seed: 15033784826749970526

58 Huetiris the Chopper (level 3, -2/31 HPs)
             Began as a Minotaur Gladiator on Sept 26, 2022.
             Slain by a worm (5 damage)
             ... on level 2 of the Dungeon.
             The game lasted 00:11:17 (1103 turns).

Huetiris the Chopper (Minotaur Gladiator)           Turns: 1103, Time: 00:11:17

Health: -2/31      AC:  3    Str: 20    XL:     3   Next: 75%
Magic:  2/2        EV: 12    Int:  5    God:
Gold:   58         SH:  0    Dex: 11    Spells: 2/2 levels left

rFire   . . .      SeeInvis .   a - +0 war axe
rCold   . . .      Faith    .   (no shield)
rNeg    . . .      Spirit   .   b - +0 leather armour
rPois   .          Reflect  .   c - +0 hat
rElec   .          Harm     .   (no cloak)
rCorr   .          Rampage  .   (no gloves)
Will    .....                   (no boots)
Stlth   +.........              (no amulet)
HPRegen 0.10/turn               (no ring)
MPRegen 0.08/turn               (no ring)

@: lethally poisoned (-2 -> -6)
A: horns 2, retaliatory headbutt
a: no special abilities


You were on level 2 of the Dungeon.
You visited 1 branch of the dungeon, and saw 2 of its levels.

You collected 58 gold pieces.

Inventory:

Hand Weapons
 a - a +0 war axe (weapon)
Missiles
 d - 3 throwing nets (quivered)
 e - a javelin
Armour
 b - a +0 leather armour (worn)
 c - a +0 hat (worn)
 j - a +0 ring mail
Scrolls
 f - a scroll of noise {unknown}
 g - a scroll of blinking {unknown}
 h - a scroll of amnesia {unknown}
 l - a scroll of teleportation {unknown}
Potions
 i - a potion of haste {unknown}
 k - a potion of curing {unknown}


   Skills:
 + Level 3.0 Fighting
 + Level 4.4 Axes
 + Level 2.3 Throwing
 + Level 1.3 Armour
 + Level 3.8 Dodging


You had 2 spell levels left.
You didn't know any spells.
Your spell library was empty.

Dungeon Overview and Level Annotations

Branches:
Dungeon (2/15)

Altars:

Shops:
D:1 ?


Innate Abilities, Weirdness & Mutations

You have a pair of horns on your head.
You reflexively headbutt those who attack you in melee.


Message History

Things that are here:
a +0 club; a goblin corpse
Found 16 gold pieces.
Natasha, Servant of Life and Death comes into view.
Natasha casts a spell at you. You resist with significant effort.
You closely miss Natasha.
Natasha stares at you and mumbles some strange words.
The magic dart hits you! Natasha claws you.
You hit Natasha.
Natasha is moderately wounded.
Natasha barely misses you.
You hit Natasha but do no damage.
Natasha is moderately wounded.
Natasha claws you.
You completely miss Natasha. Your headbutt misses Natasha.
Natasha is moderately wounded.
Natasha claws you but does no damage.
You closely miss Natasha. Your headbutt misses Natasha.
Natasha is moderately wounded.
Natasha claws you. Natasha claws you but does no damage.
You slash Natasha!
You kill Natasha!
Natasha screams in fury as she dies!
Your Fighting skill increases to level 3!
An adder comes into view.
The adder hisses angrily.
A worm comes into view.
You see here 16 gold pieces.
The worm bites you!
* * * LOW HITPOINT WARNING * * *
You hit the worm but do no damage. You hit the worm but do no damage.
The worm closely misses you.
You hit the worm.
The worm is lightly wounded.
You hit the adder. The adder closely misses you. The adder bites you.
* * * LOW HITPOINT WARNING * * *
You are lethally poisoned!
The adder poisons you! The worm bites you.
You die...

#. ... # #######..
#.##......##
........+..#..
#.w....#....#######
#.@....#.##.#...#.#
#.S....#.##.#.#.#.#
.###......#.##.#....<#
........$....##.###.###
......#..#....#..)....#
.....................#.#
...............#######.#
###...~....~......... #
#............######


You could see a worm and an adder.

Vanquished Creatures
  Natasha (D:2)
  A dart slug (D:1)
  2 ball pythons (D:1)
  4 endoplasms (D:1)
  2 giant cockroaches (D:1)
  A goblin (D:2)
  A hobgoblin (D:1)
  4 jackals (D:1)
  A quokka (D:1)
  5 bats (D:1)
  A frilled lizard (D:1)
  6 kobolds (D:1)
  A rat (D:1)
30 creatures vanquished.

Notes
Turn   | Place    | Note
-------+----------+-------------------------------------------
     0 | D:1      | Huetiris the Minotaur Gladiator began the quest for the
                  | Orb.
     0 | D:1      | Reached XP level 1. HP: 18/18 MP: 0/0
     2 | D:1      | Noticed an elf
     2 | D:1      | Noticed a tengu
     4 | D:1      | Noticed a naga
     4 | D:1      | Noticed a gargoyle
     6 | D:1      | Noticed a draconian
     8 | D:1      | Noticed a ghoul
     8 | D:1      | Noticed a meteoran
    10 | D:1      | Noticed a demonspawn
    10 | D:1      | Noticed an ogre
    12 | D:1      | Noticed a felid
    14 | D:1      | Noticed a merfolk
    14 | D:1      | Noticed a demigod
    16 | D:1      | Noticed a vine stalker
    16 | D:1      | Noticed a human
    18 | D:1      | Noticed a formicid
    18 | D:1      | Noticed an octopode
    20 | D:1      | Noticed a palentonga
    22 | D:1      | Noticed a minotaur
    22 | D:1      | Noticed a vampire
    24 | D:1      | Noticed a troll
    26 | D:1      | Noticed a tengu
    26 | D:1      | Noticed a formicid
    81 | D:1      | Found Usuall Tesm's Magic Scroll Shoppe.
   240 | D:1      | Reached XP level 2. HP: 24/25 MP: 1/1
   241 | D:1      | Reached skill level 4 in Axes
   666 | D:1      | Reached XP level 3. HP: 27/30 MP: 2/2
  1080 | D:2      | Reached skill level 1 in Armour
  1083 | D:2      | Noticed Natasha
  1092 | D:2      | Killed Natasha
  1103 | D:2      | Slain by a worm

Illustrated notes

Levels and vault maps discovered:
D:1:      kb_arrival_jail, layout_loops_corners, serial_shops, shop,
          minmay_misc_feat_tower
D:2:      layout_basic, skrybe_limestone_x, uniq_natasha

Skill      XL: |  1  2  3 |
---------------+----------+-----
Axes           | 4 |  4.4
Armour         | 1 |  1.3
Fighting       | 3 |  3.0
Throwing       | |  2.3
Dodging        | |  3.8

Action                   || total
-------------------------++-------
Melee: War axe           ||    49
       Headbutt          ||     8
Armor: Leather armour    ||    18
Dodge: Dodged            ||    26
